 Dungeon Crawl Stone Soup version 0.20.1-1-g8b1a95d (webtiles) character file.

6715 equalderp2856 the Cleaver (level 10, -8/88 HPs)
             Began as a Minotaur Fighter on Aug 17, 2017.
             Mangled by a troll (15 damage)
             ... on level 9 of the Dungeon.
             The game lasted 00:22:14 (10537 turns).

equalderp2856 the Cleaver (Minotaur Fighter)       Turns: 10537, Time: 00:22:14

Health: -8/88      AC: 14    Str: 21    XL:     10   Next: 74%
Magic:  9/9        EV: 11    Int:  5    God:
Gold:   363        SH: 12    Dex: 13    Spells: 8/9 levels left

rFire    + . .     SeeInvis .   a - +1 war axe
rCold    + + .     Gourm    .   c - +0 shield
rNeg     . . .     Faith    .   u - +5 scale mail of Moral Flaws {rElec rC+ rCorr}
rPois    .         Spirit   .   (helmet restricted)
rElec    +         Reflect  .   A - scarf {rC+ rF+}
rCorr    +         Harm     .   Z - +0 pair of gloves
MR       .....                  (no boots)
Stlth    ++........             (no amulet)
Regen    0.3/turn               U - ring of wizardry
MPRegen  0.2/turn               S - ring of stealth

@: about to teleport, starving
A: retaliatory headbutt, horns 2
a: no special abilities


You were on level 9 of the Dungeon.
You were starving.

You visited 1 branch of the dungeon, and saw 9 of its levels.
You also visited: Bailey.

You collected 363 gold pieces.

Inventory:

Hand Weapons
 a - a +1 war axe (weapon)
 K - a +0 blowgun
 W - a +2 mace of draining
 X - a +0 hunting sling
 Y - a +4 spear
Missiles
 z - 2 throwing nets (quivered)
Armour
 b - a +0 scale mail
 c - a +0 shield (worn)
 u - the +5 scale mail of Moral Flaws (worn) {rElec rC+ rCorr}
   (You found it in a bailey)

   It protects you from cold.
   It insulates you from electricity.
   It protects you from acid and corrosion.
 v - a +3 leather armour of positive energy
 w - a +0 cloak
 y - a +0 chain mail
 A - a scarf of resistance (worn)
 C - a +0 scale mail
 J - a +2 scale mail of poison resistance
 N - a +0 plate armour
 Z - a +0 pair of gloves (worn)
Jewellery
 H - an uncursed ring of ice
 R - a +2 ring of dexterity
 S - a ring of stealth (right hand)
 U - a ring of wizardry (left hand)
Wands
 m - a wand of confusion (3/48)
 x - a wand of random effects (23/48)
 M - a wand of flame (27/48)
 Q - a wand of paralysis (4/24)
 T - a wand of enslavement (12/24)
Scrolls
 e - 3 scrolls of recharging {unknown}
 g - 6 scrolls of teleportation
 j - 2 scrolls of enchant weapon
 l - 3 scrolls of immolation {unknown}
 n - 4 scrolls of identify
 p - 2 scrolls of amnesia {unknown}
 r - 2 scrolls of remove curse
 s - a scroll of fear {unknown}
 B - a scroll of noise {unknown}
 D - a scroll of random uselessness {unknown}
 F - a scroll of enchant armour {unknown}
 I - a scroll of magic mapping {unknown}
Potions
 d - a potion of might
 h - a potion of degeneration {unknown}
 k - a potion of brilliance {unknown}
 q - 3 potions of haste
 t - 2 potions of lignification {unknown}
 G - a potion of resistance {unknown}
 L - a potion of berserk rage {unknown}
 O - a potion of invisibility
 P - a potion of mutation {unknown}
Books
 V - a book of Maledictions

   Spells                             Type                      Level
   a - Corona                         Hexes                        1
   b - Ensorcelled Hibernation        Hexes/Ice                    2
   c - Confuse                        Hexes                        3
   d - Tukima's Dance                 Hexes                        3
   e - Dazzling Spray                 Conjuration/Hexes            3
Comestibles
 f - 7 bread rations
 i - 6 meat rations
 o - a royal jelly
 E - 2 fruits


   Skills:
 + Level 8.3 Fighting
 + Level 11.8 Axes
 + Level 9.1 Armour
 + Level 4.9 Dodging
 + Level 3.2 Stealth
 + Level 9.2 Shields
 + Level 1.0 Evocations


You had 8 spell levels left.
You knew the following spells:

 Your Spells              Type           Power        Failure   Level  Hunger
a - Corona                Hex            #......      69%         1    ##.....


Dungeon Overview and Level Annotations

Branches:
Dungeon (9/15)             Temple (0/1) D:6
   Lair: D:8-11         Orc: D:9-12

Altars:
Ashenzari
Cheibriados
Elyvilon
Fedhas
Gozag
Makhleb
Okawaru
Ru
Sif Muna
Trog
Vehumet
Xom

Annotations:
D:5 1 runed door


Innate Abilities, Weirdness & Mutations

You reflexively headbutt those who attack you in melee.
You have a pair of horns on your head.


Message History

An adder comes into view.
The troll barely misses you. You block the troll's attack. x2
A jelly comes into view.
A hound comes into view.
A centaur warrior comes into view.
The centaur warrior moves out of view.
Found a stone staircase leading up.
The centaur warrior shouts!
The jelly quivers.
The centaur warrior wields a shortbow.
The centaur warrior shoots an arrow.
The arrow hits you.
* * * LOW HITPOINT WARNING * * *
A troll comes into view.
You see here an arrow.
As you read the scroll of teleportation, it crumbles to dust.
You feel strangely unstable.
The centaur warrior shoots an arrow.
The arrow hits you!
* * * LOW HITPOINT WARNING * * *
The troll bites you!
You die...

####### #.....#######
#...........#
#...........#
#...........#
#...T@......#
############....h......#
................J.......
......................T.
.S....................c.
........................
........................
.........#####+##.......
#..####+## ######


You could see a centaur warrior, 2 trolls, a hound and a jelly.

Vanquished Creatures
  A two-headed ogre (D:8)
  A hippogriff (D:7)
  3 flying skulls (D:9)
  2 shadows
  2 wyverns (D:8)
  6 sky beasts
  Duvessa (D:7)
  An orc warrior (D:8)
  4 necrophages
  3 ogres (D:7)
  2 centaurs (D:7)
  4 bullfrogs
  2 big kobolds (D:8)
  8 gnoll sergeants (Bailey)
  Dowan (D:7)
  3 scorpions
  5 wights
  3 howler monkeys
  A bullfrog zombie (D:6)
  4 centaur zombies
  5 crimson imps
  A quasit (D:7)
  6 hounds
  A centaur skeleton (D:7)
  3 orc priests
  A jelly (D:7)
  Jessica (D:2)
  6 gnoll shamans (Bailey)
  5 iguanas
  6 orc wizards
  7 worker ants
  A killer bee zombie (D:7)
  A howler monkey zombie (D:7)
  A worker ant zombie (D:6)
  25 gnolls
  2 howler monkey skeletons
  10 adders
  4 shadow imps
  4 adder skeletons
  An adder zombie (D:9)
  3 worms
  2 dart slugs
  6 leopard geckos
  26 orcs
  4 ball pythons
  5 giant cockroaches
  11 goblins
  8 hobgoblins
  A jackal (D:7)
  2 quokkas
  A ball python skeleton (D:5)
  6 bats
  3 frilled lizards
  19 kobolds
  A leopard gecko skeleton (D:5)
  4 rats
  A plant (D:7)
251 creatures vanquished.

Vanquished Creatures (others)
  A bush (D:7)
  8 plants (D:7)
9 creatures vanquished.

Grand Total: 260 creatures vanquished

Notes
Turn   | Place    | Note
-------+----------+-------------------------------------------
     0 | D:1      | equalderp2856 the Minotaur Fighter began the quest for the Orb.
     0 | D:1      | Reached XP level 1. HP: 19/19 MP: 0/0
   322 | D:1      | Reached XP level 2. HP: 27/27 MP: 1/1
   784 | D:2      | Noticed Jessica
   788 | D:2      | Reached skill level 3 in Axes
   788 | D:2      | Reached XP level 3. HP: 32/33 MP: 2/2
   790 | D:2      | Killed Jessica
   983 | D:2      | Reached XP level 4. HP: 40/40 MP: 3/3
  2160 | D:3      | Found a snail-covered altar of Cheibriados.
  2188 | D:3      | Reached skill level 5 in Shields
  2902 | D:3      | Reached XP level 5. HP: 44/46 MP: 4/4
  3180 | D:4      | Found a shattered altar of Ashenzari.
  3200 | D:4      | Reached skill level 4 in Axes
  3283 | D:4      | Reached skill level 1 in Dodging
  3360 | D:4      | Found a radiant altar of Vehumet.
  3671 | D:4      | Found a white marble altar of Elyvilon.
  3671 | D:4      | Found a deep blue altar of Sif Muna.
  3943 | D:5      | Entered Level 5 of the Dungeon
  3966 | D:5      | Reached skill level 5 in Armour
  3966 | D:5      | Reached XP level 6. HP: 51/53 MP: 5/5
  4144 | D:5      | Found a bloodstained altar of Trog.
  4147 | D:5      | Reached skill level 5 in Axes
  4237 | D:5      | Found a bloodstained altar of Trog.
  4303 | D:5      | Found a runed door.
  4367 | D:5      | Found an opulent altar of Gozag.
  4955 | D:6      | Reached XP level 7. HP: 60/60 MP: 6/6
  4966 | D:6      | Found a staircase to the Ecumenical Temple.
  5020 | D:6      | Found a sacrificial altar of Ru.
  5366 | D:6      | Reached skill level 5 in Fighting
  5366 | D:6      | Reached skill level 6 in Axes
  5408 | D:6      | Found an iron altar of Okawaru.
  6209 | D:7      | Reached skill level 7 in Axes
  6209 | D:7      | Reached XP level 8. HP: 36/69 MP: 7/7
  6374 | D:7      | Noticed Duvessa
  6384 | D:7      | Killed Duvessa
  6408 | D:7      | Noticed Dowan
  6418 | D:7      | Killed Dowan
  6482 | D:7      | Reached skill level 1 in Stealth
  6644 | D:7      | Reached skill level 8 in Axes
  6647 | D:7      | Found a burning altar of Makhleb.
  6955 | D:7      | Reached skill level 1 in Evocations
  6958 | D:7      | Reached XP level 9. HP: 71/78 MP: 8/8
  7033 | D:7      | Found a shimmering altar of Xom.
  7048 | D:7      | Reached skill level 9 in Axes
  7413 | D:7      | Found a blossoming altar of Fedhas.
  8007 | D:8      | Reached skill level 10 in Axes
  8431 | D:8      | Reached XP level 10. HP: 83/86 MP: 9/9
  8488 | D:8      | Found a flagged portal.
  8520 | Bailey   | Entered a bailey
  8667 | Bailey   | Learned a level 1 spell: Corona
  8830 | Bailey   | HP: 1/86 [gnoll shaman/trident (9)]
  9182 | Bailey   | Got a translucent scale mail
  9468 | Bailey   | Identified the +5 scale mail of Moral Flaws {rElec rC+ rCorr} (You found it in a bailey)
  9676 | D:8      | Noticed a two-headed ogre
  9689 | D:8      | Killed a two-headed ogre
  9689 | D:8      | Reached skill level 11 in Axes
  9991 | D:9      | Noticed a necromancer
  9993 | D:9      | Noticed a necromancer
 10535 | D:9      | Noticed a centaur warrior
 10537 | D:9      | Mangled by a troll

Skill      XL: |  1  2  3  4  5  6  7  8  9 10 |
---------------+-------------------------------+-----
Axes           | 3 4 5 7 8 10 11 | 11.8
Shields        | 4 5 6 7 8 9 |  9.2
Fighting       | 4 5 6 7 8 |  8.3
Armour         | 4 5 6 7 8 9 |  9.1
Dodging        | 1 2 4 |  4.9
Stealth        | 1 3 |  3.2
Evocations     | 1 |  1.0

Action                   |  1- 3 |  4- 6 |  7- 9 | 10-12 || total
-------------------------+-------+-------+-------+-------++-------
Melee: War axe           |    57 |   162 |   383 |   178 ||   780
       Headbutt          |     5 |    26 |    95 |    46 ||   172
Evoke: Wand              |       |       |     5 |     9 ||    14
  Use: Potion            |       |       |     2 |     6 ||     8
       Scroll            |       |       |       |     5 ||     5
 Stab: Confused          |       |       |     3 |       ||     3
       Paralysed         |       |       |       |    10 ||    10
       Invisible         |       |       |       |     5 ||     5
       Held in net/web   |       |       |       |     2 ||     2
  Eat: Chunk             |       |    10 |    10 |     4 ||    24
       Fruit             |       |     2 |     2 |     2 ||     6
Armor: Scale mail        |    30 |    58 |   142 |    56 ||   286
Dodge: Dodged            |    23 |    76 |   141 |   102 ||   342
Block: Shield            |    54 |    86 |   214 |   173 ||   527
